 Dungeon Crawl Stone Soup version 0.21-a0-85-ga0cb861 (webtiles) character file.

1935 MackTheKnife the Skirmisher (level 8, 0/73 HPs)
             Began as a Centaur Wanderer on June 25, 2017.
             Was a Believer of Makhleb.
             Succumbed to a killer bee's poison
             ... on level 5 of the Dungeon.
             The game lasted 00:12:55 (9103 turns).

MackTheKnife the Skirmisher (Centaur Wanderer)      Turns: 9103, Time: 00:12:55

Health: 0/73       AC:  5    Str: 15    XL:     8   Next: 97%
Magic:  9/9        EV: 11    Int: 13    God:    Makhleb [**....]
Gold:   428        SH:  2    Dex: 15    Spells: 9/9 levels left

rFire    . . .     SeeInvis .   m - +1 trident
rCold    . . .     Gourm    .   (no shield)
rNeg     . . .     Faith    .   l - +1 leather armour
rPois    .         Spirit   .   (no helmet)
rElec    .         Reflect  +   (no cloak)
rCorr    .         Harm     .   (no gloves)
MR       +....     Clarity  +   (no barding)
Stlth    +.........             j - +2 amulet of reflection
HPRegen  0.22/turn              g - +4 ring of dexterity
MPRegen  0.11/turn              r - ring of protection from magic (curse) {MR+, !d}

@: lethally poisoned (0 -> -5), flying, hasted, very quick
A: hooves 3, agile 1, clarity, deformed body, speed 2, tough skin 3
a: Minor Destruction, Renounce Religion


You were on level 5 of the Dungeon.
You worshipped Makhleb.
Makhleb was pleased with you.
You were not hungry.

You visited 1 branch of the dungeon, and saw 7 of its levels.

You collected 428 gold pieces.

Inventory:

Hand Weapons
 b - a +2 blowgun
 m - a +1 trident (weapon)
   (You found it on level 4 of the Dungeon)
Missiles
 a - 4 curare-tipped needles
 v - 32 poisoned needles
 B - 6 needles of sleeping
Armour
 l - a +1 leather armour (worn)
   (You found it on level 1 of the Dungeon)
Jewellery
 e - an uncursed ring of protection from magic {MR+, !d}
   (You found it on level 6 of the Dungeon)
 g - a +4 ring of dexterity (left hand)
   (You found it on level 1 of the Dungeon)
 j - a +2 amulet of reflection (around neck)
   (You found it on level 5 of the Dungeon)
 r - a cursed ring of protection from magic (right hand) {MR+, !d}
   (You took it off a centaur on level 6 of the Dungeon)
 C - a +4 ring of intelligence {unknown}
   (You found it on level 7 of the Dungeon)
Wands
 n - a wand of iceblast (5/15)
   (You found it on level 7 of the Dungeon)
 z - a wand of lightning (0/15)
   (You found it on level 4 of the Dungeon)
 D - a wand of disintegration (10/24)
   (You found it on level 6 of the Dungeon)
Scrolls
 q - 3 scrolls of magic mapping {!r}
 t - 4 scrolls of remove curse
 u - 3 scrolls of enchant armour
 x - a scroll of blinking {!r}
 y - 3 scrolls of amnesia
 F - a scroll of recharging {unknown}
Potions
 c - a potion of lignification {!q}
 i - a potion of heal wounds {unknown}
 o - a potion of haste
 w - a potion of agility
Books
 d - the Compendium of the Mountains

   Spells                             Type                      Level
   a - Sandblast                      Earth                        1
   b - Stone Arrow                    Conjuration/Earth            3
 G - a book of Cantrips
   (You found it on level 7 of the Dungeon)
Comestibles
 f - 4 bread rations {@e1}
 p - 2 meat rations {@e2}


   Skills:
 + Level 7.4 Fighting
 - Level 6.8 Polearms
 - Level 1.1 Throwing
 + Level 3.6 Dodging
   Level 1.0 Shields
 - Level 3.3 Unarmed Combat
 - Level 1.0 Spellcasting
   Level 1.0 Earth Magic
   Level 1.0 Poison Magic


You had 9 spell levels left.
You didn't know any spells.

Dungeon Overview and Level Annotations

Branches:
Dungeon (7/15)             Temple (0/1) D:4

Altars:
Ashenzari
Elyvilon
Gozag
Makhleb
Qazlal
Zin
The Shining One


Innate Abilities, Weirdness & Mutations

You have hooves in place of feet.
Armour fits poorly on your strangely shaped body.
You cover ground very quickly.
You have extremely tough skin. (AC +3)
You are agile. (Dex +2)
You possess an exceptional clarity of mind.


Message History

The killer bee stings you but does no damage.
The killer bee stings you.
You are more poisoned.
The killer bee poisons you!
You take 3 damage, and have 37/73 hp.
You hit the killer bee. Your kick misses the killer bee.
You feel sick. The killer bee closely misses you. The killer bee stings you!
You are lethally poisoned!
The killer bee poisons you!
You take 9 damage, and have 28/73 hp.
You feel yourself speed up.
You feel very sick. The killer bee stings you.
The killer bee barely misses you.
You take 6 damage, and have 22/73 hp.
Unknown command.
* * * LOW HITPOINT WARNING * * *
You feel sick.
The killer bee stings you but does no damage.
You take 1 damage, and have 21/73 hp.
* * * LOW HITPOINT WARNING * * *
You feel sick.
You take 1 damage, and have 20/73 hp.
Unknown command.
* * * LOW HITPOINT WARNING * * *
You feel sick.
You take 1 damage, and have 19/73 hp.
* * * LOW HITPOINT WARNING * * *
You feel sick.
You take 1 damage, and have 18/73 hp.
* * * LOW HITPOINT WARNING * * *
You feel sick.
You take 1 damage, and have 17/73 hp.
* * * LOW HITPOINT WARNING * * *
You feel sick.
You take 1 damage, and have 16/73 hp.
* * * LOW HITPOINT WARNING * * *
You feel sick.
You take 1 damage, and have 15/73 hp.
* * * LOW HITPOINT WARNING * * *
You feel sick.
You take 1 damage, and have 14/73 hp.
* * * LOW HITPOINT WARNING * * *
You feel sick.
* * * LOW HITPOINT WARNING * * *
You feel sick.
You take 1 damage, and have 13/73 hp.
* * * LOW HITPOINT WARNING * * *
You feel sick.
You take 1 damage, and have 12/73 hp.
* * * LOW HITPOINT WARNING * * *
You feel sick.
You take 1 damage, and have 11/73 hp.
* * * LOW HITPOINT WARNING * * *
You feel sick.
You take 1 damage, and have 10/73 hp.
* * * LOW HITPOINT WARNING * * *
You feel sick.
You take 1 damage, and have 9/73 hp.
* * * LOW HITPOINT WARNING * * *
You feel sick.
You take 1 damage, and have 8/73 hp.
* * * LOW HITPOINT WARNING * * *
You feel sick.
* * * LOW HITPOINT WARNING * * *
You feel sick.
You take 1 damage, and have 7/73 hp.
* * * LOW HITPOINT WARNING * * *
You feel sick.
You take 1 damage, and have 6/73 hp.
* * * LOW HITPOINT WARNING * * *
You feel sick.
You take 1 damage, and have 5/73 hp.
* * * LOW HITPOINT WARNING * * *
You feel sick.
You take 1 damage, and have 4/73 hp.
* * * LOW HITPOINT WARNING * * *
You feel sick.
Things that are here:
17 arrows; a shortbow You take 1 damage, and have 3/73 hp.
* * * LOW HITPOINT WARNING * * *
You feel sick.
You take 1 damage, and have 3/73 hp.
There is a stone staircase leading up, spattered with blood here.
* * * LOW HITPOINT WARNING * * *
You feel sick.
You climb upwards.
A ball python skeleton comes into view.
* * * LOW HITPOINT WARNING * * *
You feel sick.
There is a stone staircase leading down here.
You take 2 damage, and have 1/73 hp.
Unknown command.
It was a potion of mutation.
You feel extremely strange.
You feel agile.
Your thoughts seem clearer.
The ball python skeleton closely misses you.
It was a potion of flight.
You feel very buoyant.
You fly up into the air.
You die...

###+##...........................
.....#...........................
.....#...........................
.....#...........................
###..#...........................
..##'####+##................#####
..#...#....'................#
..#...#....#................#
..#...#..<.#....@...........#
..#'########...[Z...........###
#.....(............######.....#
#...............^..#....#.....#
#..................#....#.....#
#..................#....'.....#
#..................#+####.....#
.....###########'#..........###
.....# #....#..........#


You could see a ball python skeleton.

Vanquished Creatures
  4 yaks (D:6)
  2 ice beasts
  An ogre (D:4)
  A centaur (D:6)
  A bullfrog (D:6)
  4 killer bees
  2 howler monkeys (D:6)
  3 crimson imps
  A bullfrog zombie (D:6)
  An orc priest (D:3)
  An iguana (D:7)
  5 orc wizards
  8 worker ants
  7 adders
  2 oozes
  4 adder skeletons
  A worm (D:2)
  2 dart slugs (D:1)
  4 leopard geckos
  16 orcs
  A ball python (D:3)
  4 bats
  8 giant cockroaches
  7 goblins
  2 hobgoblins (D:3)
  8 jackals
  11 kobolds
  8 quokkas
  3 frilled lizards
  A leopard gecko skeleton (D:5)
  A leopard gecko zombie (D:5)
  A quokka skeleton (D:6)
  6 rats
131 creatures vanquished.

Vanquished Creatures (others)
  An orc (D:6)
1 creature vanquished.

Grand Total: 132 creatures vanquished

Notes
Turn   | Place    | Note
-------+----------+-------------------------------------------
     0 | D:1      | MackTheKnife the Centaur Wanderer began the quest for the Orb.
     0 | D:1      | MackTheKnife set off with: 4 curare-tipped needles, a +2 blowgun, a potion of lignification {!q}, the Compendium of the Mountains, a +0 robe, a bread ration {@e1}
     0 | D:1      | Reached XP level 1. HP: 17/17 MP: 2/2
    58 | D:1      | Reached XP level 2. HP: 21/25 MP: 3/3
   153 | D:1      | Reached skill level 3 in Fighting
   496 | D:1      | Reached XP level 3. HP: 17/31 MP: 4/4
  1176 | D:2      | Found a shattered altar of Ashenzari.
  1418 | D:2      | Reached skill level 4 in Fighting
  1566 | D:2      | Reached XP level 4. HP: 25/41 MP: 5/5
  1753 | D:2      | Found a burning altar of Makhleb.
  1753 | D:2      | Found an opulent altar of Gozag.
  1889 | D:2      | Became a worshipper of Makhleb the Destroyer
  2300 | D:3      | Found a faded altar of an unknown god.
  2514 | D:3      | Reached skill level 5 in Fighting
  2765 | D:3      | Reached XP level 5. HP: 48/48 MP: 6/6
  3024 | D:4      | Found a staircase to the Ecumenical Temple.
  3102 | D:4      | Reached skill level 1 in Dodging
  3657 | D:4      | Reached * piety under Makhleb
  3682 | D:4      | Noticed an ogre
  3972 | D:4      | Reached XP level 6. HP: 26/57 MP: 7/7
  3987 | D:3      | HP: 14/57 [poisoned by a worker ant]
  3994 | D:3      | HP: 13/57 [poisoned by a worker ant]
  4001 | D:3      | HP: 12/57 [poisoned by a worker ant]
  4009 | D:3      | HP: 11/57 [poisoned by a worker ant]
  4322 | D:4      | Reached skill level 6 in Fighting
  4331 | D:4      | Reached skill level 2 in Dodging
  4518 | D:4      | Found a glowing golden altar of the Shining One.
  4518 | D:4      | Found a white marble altar of Elyvilon.
  4519 | D:4      | Found a glowing silver altar of Zin.
  4585 | D:5      | Entered Level 5 of the Dungeon
  4603 | D:5      | Noticed an ice beast
  4616 | D:5      | HP: 13/57 [ice beast (14)]
  5532 | D:5      | Killed an ice beast
  5611 | D:6      | Noticed an orc warrior
  5631 | D:5      | Reached XP level 7. HP: 27/64 MP: 8/8
  5683 | D:5      | HP: 12/64 [worker ant (5)]
  5690 | D:5      | HP: 11/64 [poisoned by a worker ant]
  5698 | D:5      | HP: 10/64 [poisoned by a worker ant]
  6015 | D:6      | Reached skill level 3 in Dodging
  6027 | D:6      | HP: 16/64 [howler monkey (7)]
  6031 | D:6      | HP: 5/64 [howler monkey (6)]
  6038 | D:6      | Reached skill level 7 in Fighting
  6499 | D:6      | HP: 16/66 [centaur (6)]
  6504 | D:6      | Reached skill level 2 in Polearms
  6510 | D:6      | HP: 15/66 [crimson imp (2)]
  6515 | D:6      | HP: 12/66 [crimson imp (2)]
  6519 | D:6      | Reached ** piety under Makhleb
  6859 | D:6      | Found a stormy altar of Qazlal.
  6995 | D:6      | Noticed a yak
  6997 | D:6      | Noticed a yak
  7003 | D:6      | Noticed a yak
  7005 | D:6      | Killed a yak
  7005 | D:6      | Reached skill level 3 in Polearms
  7011 | D:6      | Killed a yak
  7011 | D:6      | Reached skill level 4 in Polearms
  7011 | D:6      | Reached XP level 8. HP: 54/73 MP: 9/9
  7016 | D:6      | Reached skill level 5 in Polearms
  7028 | D:6      | Reached skill level 6 in Polearms
  7255 | D:6      | HP: 13/73 [ice beast (11)]
  8720 | D:6      | HP: 18/73 [poisoned by a killer bee]
  8725 | D:6      | HP: 12/73 [poisoned by a killer bee]
  8730 | D:5      | HP: 12/73 [poisoned by a killer bee]
  8735 | D:5      | HP: 9/73 [poisoned by a killer bee]
  8741 | D:5      | HP: 8/73 [poisoned by a killer bee]
  8747 | D:5      | HP: 7/73 [poisoned by a killer bee]
  8755 | D:5      | HP: 7/73 [poisoned by a killer bee]
  9072 | D:6      | HP: 18/73 [poisoned by a killer bee]
  9077 | D:6      | HP: 14/73 [poisoned by a killer bee]
  9082 | D:6      | HP: 10/73 [poisoned by a killer bee]
  9087 | D:6      | HP: 8/73 [poisoned by a killer bee]
  9092 | D:6      | HP: 5/73 [poisoned by a killer bee]
  9098 | D:6      | HP: 3/73 [poisoned by a killer bee]
  9101 | D:5      | HP: 1/73 [poisoned by a killer bee]
  9102 | D:5      | Gained mutation: You are agile. (Dex +2) [potion of mutation]
  9102 | D:5      | Gained mutation: You possess an exceptional clarity of mind. [potion of mutation]
  9103 | D:5      | Succumbed to a killer bee's poison

Vault maps used:
D:1:      minmay_arrival_up_and_down, st_stairs_10, minmay_misc_feat_hallway,
          minmay_tetromino_l4
D:2:      ashenzari_conservatory_becter, gammafunk_temple_overflow_elements
D:3:      chequers_ecumenical_altar_simple, first_bread
D:4:      good_gods_mini_temple, temple_fountains
D:6:      grunt_qazlal_clouds, minmay_misc_feat_doors, kennysheep_generic_room_3

Skill      XL: |  1  2  3  4  5  6  7  8 |
---------------+-------------------------+-----
Fighting       | 3 4 5 6 7 |  7.4
Dodging        | 1 2 3 |  3.6
Polearms       | 4 6 |  6.8
Throwing       | |  1.1
Shields        | |  1.0
Unarmed Combat | |  3.3
Spellcasting   | |  1.0
Earth Magic    | |  1.0
Poison Magic   | |  1.0

Action                   |  1- 3 |  4- 6 |  7- 9 || total
-------------------------+-------+-------+-------++-------
Melee: Unarmed           |   131 |   227 |    60 ||   418
       Kick              |    29 |    58 |    40 ||   127
       Punch             |     1 |     7 |     2 ||    10
       Trident           |       |       |   174 ||   174
 Fire: Blowgun           |       |    20 |       ||    20
Evoke: Wand              |       |     5 |       ||     5
  Use: Scroll            |     2 |       |    15 ||    17
       Potion            |       |     1 |     9 ||    10
 Stab: Invisible         |       |       |     2 ||     2
  Eat: Chunk             |     1 |     9 |     2 ||    12
       Royal jelly       |       |     1 |       ||     1
       Bread ration      |       |       |     2 ||     2
Armor: Robe              |    51 |       |       ||    51
       Leather armour    |     8 |    78 |    52 ||   138
Dodge: Dodged            |    65 |    94 |   110 ||   269
Block: Other             |       |     2 |    10 ||    12

Vault maps used:
D:1:      minmay_arrival_up_and_down, st_stairs_10, minmay_misc_feat_hallway,
          minmay_tetromino_l4
D:2:      ashenzari_conservatory_becter, gammafunk_temple_overflow_elements
D:3:      chequers_ecumenical_altar_simple, first_bread
D:4:      good_gods_mini_temple, temple_fountains
D:6:      grunt_qazlal_clouds, minmay_misc_feat_doors, kennysheep_generic_room_3

Table legend:
 A = Turns spent in this place as a percentage of turns spent in the entire game.
 B = Non-inter-level travel turns spent in this place as a percentage of non-inter-level travel turns spent in the entire game.
 C = Inter-level travel turns spent in this place as a percentage of turns spent in this place.
 D = Turns resting spent in this place as a percentage of non-inter-level travel turns spent in this place.
 E = Turns spent auto-exploring this place as a percentage of non-inter-level travel turns spent in this place.
 F = Non-inter-level travel turns spent in this place divided by the number of levels of this place that you've seen.
                   A       B       C       D       E      F
               +-------+-------+-------+-------+-------+----------------------
         Total | 100.0 | 100.0 |   1.1 |   5.4 |   8.8 | 255.1
       Dungeon | 100.0 | 100.0 |   1.1 |   5.4 |   8.8 | 255.1
               +-------+-------+-------+-------+-------+----------------------

Table legend:
 A = Kills in this place as a percentage of kills in entire the game.
 B = Kills by you in this place as a percentage of kills by you in the entire game.
 C = Kills by friends in this place as a percentage of kills by friends in the entire game.
 D = Other kills in this place as a percentage of other kills in the entire game.
 E = Experience gained in this place as a percentage of experience gained in the entire game.
 F = Experience gained in this place divided by the number of levels of this place that you have seen.
                   A       B       C       D       E      F
               +-------+-------+-------+-------+-------+----------------------
         Total | 100.0 | 100.0 |  -nan |  -nan | 100.0 | 395.0
       Dungeon | 100.0 | 100.0 |  -nan |  -nan | 100.0 | 395.0
               +-------+-------+-------+-------+-------+----------------------
